AoeStats
← DictadorTirano

Arabia

510923138Analyzed
4v4 RM · 11h ago on Oct 3, 2026· 20m 13s· 8 players
Game mode
Random Map
Map size
Large (8 player)
Population
200
Speed
Normal
Resources
Standard
Victory
Conquest
Starting age
Dark Age
Ending age
Imperial Age
RankedLock teamsTeams togetherTeam positionsShared explorationLock speedFull tech treeHidden civsTurbo modeCheats
Victory
Defeat
🇵🇪 Franks · Peru
1509
+9
🇨🇴 Maya · Colombia
1475
+10
🇦🇷 Huns · Argentina
1337
+15
🇦🇷 Vietnamese · Argentina
1245
+18
🇦🇷 Khmer · Argentina
1417
-17
🇺🇸 Britons · United States
1302
-12
🇵🇪 Britons · Peru
1298
-12
🇨🇴 Franks · Colombia
1267
-11
VZ | TheeChosen
3:45 Loom
6:25 Loom
9:49 Feudal Age
10:20 Double-Bit Axe
14:58 Fletching
DictadorTirano
4:18 Loom
9:48 Feudal Age
12:09 Double-Bit Axe
B.R D10Sito
8:51 Feudal Age
9:37 Loom
11:03 Double-Bit Axe
10:58 Horse Collar
16:37 Bloodlines
19:03 Scale Barding Armor
Dr. Consuegra
7:07 Loom
9:10 Feudal Age
9:48 Double-Bit Axe
17:56 Scale Barding Armor
TVHG.LALO_CAESTA
0:28 Loom
10:09 Feudal Age
11:06 Double-Bit Axe
11:59 Town Watch
13:29 Fletching
14:26 Padded Archer Armor
TVHG.IL Capitano
6:30 Loom
9:34 Feudal Age
13:17 Double-Bit Axe
16:41 Fletching
18:04 Padded Archer Armor
TVHG.Phraymus
8:29 Feudal Age
9:21 Double-Bit Axe
10:07 Loom
17:12 Forging
17:57 Scale Barding Armor
DBZ/Melkor
6:18 Loom
9:01 Feudal Age
9:37 Double-Bit Axe
9:56 Horse Collar
17:04 Forging
Connection lost

Rejoining the realm…

Still unreachable

The connection could not be restored.

Session expired

The server has moved on; the page needs a fresh start.